 Dungeon Crawl Stone Soup version 0.19-a0-1105-g259b4db (webtiles) character file.

9820 AlphabetPasta the Artisan of Death (level 11, -1/81 HPs)
             Began as a Hill Orc Necromancer on Aug 8, 2016.
             Was a Priest of Kikubaaqudgha.
             Slain by an orc knight
             ... wielding a +0 halberd
              (15 damage)
             ... in a bailey on Aug 9, 2016.
             The game lasted 01:16:45 (13103 turns).

AlphabetPasta the Artisan of Death (HONe)          Turns: 13103, Time: 01:16:46

Health: -1/81      AC: 17    Str: 31    XL:     11   Next: 52%
Magic:  17/20      EV: 10    Int: 16    God:    Kikubaaqudgha [***...]
Gold:   436        SH:  0    Dex: 14    Spells: 6 memorised, 8 levels left

rFire  . . .     SeeInvis .     a - +3 hand axe (venom)
rCold  . . .     Gourm    .     D - +1 chain mail of the Quahog {Str+8 Stlth-}
rNeg   . . .     Faith    .     (no shield)
rPois  .         Spirit   .     x - +0 helmet
rElec  .         Dismiss  .     (no cloak)
rCorr  .         Reflect  .     h - +2 pair of gloves {Dex+3}
SustAt .         Harm     .     L - +0 pair of boots
MR     +....                    (no amulet)
Stlth  ..........               k - +4 ring of strength
                                i - ring of protection from magic

@: mighty
A: wild magic 1
a: Receive Corpses, Renounce Religion


You were in a bailey.
You worshipped Kikubaaqudgha.
Kikubaaqudgha was most pleased with you.
You were not hungry.

You visited 2 branches of the dungeon, and saw 11 of its levels.
You also visited: Bailey.

You collected 599 gold pieces.
You spent 163 gold pieces at shops.

Inventory:

Hand Weapons
 a - a +3 hand axe of venom (weapon)
 b - the +1 bardiche of Precise Incision {holy, rPois}
   (You found it on level 9 of the Dungeon)

   It has been blessed by the Shining One to cause great damage to the undead
   and demons.
   It protects you from poison.
Armour
 h - a +2 pair of gloves of dexterity (worn)
 o - a +2 robe of fire resistance
 x - a +0 helmet (worn)
 D - the +1 chain mail of the Quahog (worn) {Str+8 Stlth-}
   (You found it on level 5 of the Dungeon)

   It affects your strength (+8).
   It makes you less stealthy.
 L - a +0 pair of boots (worn)
Jewellery
 f - a +1 ring of evasion
 i - a ring of protection from magic (left hand)
 k - a +4 ring of strength (right hand)
 M - an uncursed ring of ice
 Q - an uncursed ring of flight
Wands
 m - a wand of iceblast (1/15)
 r - a wand of slowing (13/48)
 t - a wand of iceblast (0/15)
 F - a wand of polymorph (6/24)
 H - a wand of lightning (0/15)
 J - a wand of flame (14/48)
Scrolls
 d - 5 scrolls of recharging
 g - 5 scrolls of remove curse
 y - 6 scrolls of enchant weapon
 z - 3 scrolls of enchant armour
 C - 3 scrolls of teleportation
Potions
 n - 7 potions of curing
 q - a potion of haste {unknown}
 u - a potion of resistance {unknown}
 v - 2 potions of flight {unknown}
 w - 3 potions of brilliance
 E - 4 potions of heal wounds
 N - a potion of beneficial mutation
 O - a potion of berserk rage {unknown}
Books
 e - Kikubaaqudgha's Incunabulum of Evil
   (Kikubaaqudgha gifted it to you in a bailey)

   Spells                             Type                      Level
   a - Bolt of Draining               Conjuration/Necromancy       5
   b - Agony                          Necromancy                   5
   c - Cigotuvi's Embrace             Necromancy                   5
   d - Dispel Undead                  Necromancy                   5
   e - Death Channel                  Necromancy                   6
 I - Kikubaaqudgha's Incunabulum of Evil
   (Kikubaaqudgha gifted it to you on level 8 of the Dungeon)

   Spells                             Type                      Level
   a - Animate Skeleton               Necromancy                   1
   b - Corpse Rot                     Necromancy                   2
   c - Sublimation of Blood           Necromancy                   2
   d - Regeneration                   Charms/Necromancy            3
   e - Control Undead                 Necromancy                   4
 R - a book of Necromancy

   Spells                             Type                      Level
   a - Pain                           Necromancy                   1
   b - Animate Skeleton               Necromancy                   1
   c - Vampiric Draining              Necromancy                   3
   d - Regeneration                   Charms/Necromancy            3
   e - Animate Dead                   Necromancy                   4
   f - Control Undead                 Necromancy                   4
Comestibles
 c - 2 bread rations
 j - 2 beef jerkies
 l - 3 meat rations
 p - 10 chunks of flesh
 s - a slice of pizza
 G - 10 royal jellies
 K - 3 fruits


   Skills:
 - Level 2.6 Fighting
 + Level 10.2 Axes
 + Level 7.1 Armour
 - Level 1.9 Dodging
 - Level 1.5 Stealth
 + Level 6.4 Spellcasting
 * Level 12.1 Necromancy


You had 8 spell levels left.
You knew the following spells:

 Your Spells              Type           Power        Failure   Level  Hunger
a - Pain                  Necr           ####         1%          1    None
b - Animate Skeleton      Necr           N/A          1%          1    None
c - Vampiric Draining     Necr           ######....   2%          3    ##.....
d - Regeneration          Chrm/Necr      ####......   21%         3    ##.....
e - Control Undead        Necr           ######....   8%          4    ####...
f - Sublimation of Blood  Necr           ######....   1%          2    None


Dungeon Overview and Level Annotations

Branches:
Dungeon (10/15)            Temple (1/1) D:7            Lair (0/6) D:8
    Orc: D:9-12

Altars:
Ashenzari
Cheibriados
Dithmenos
Elyvilon
Fedhas
Gozag
Hepliaklqana
Kikubaaqudgha
Makhleb
Nemelex Xobeh
Okawaru
Pakellas
Qazlal
Ru
Sif Muna
Trog
Uskayaw
Vehumet
Xom
Yredelemnul
Zin
The Shining One

Shops:
D:4 %(**(   D:5 %

Annotations:
D:10 AlphabetPasta's ghost, journeyman SpEn


Innate Abilities, Weirdness & Mutations

Your spells are a little harder to cast, but a little more powerful.


Message History

The orc knight hits you but does no damage.
The orc knight hits you with a halberd.
You hit the orc knight.
The orc knight is poisoned.
The orc knight is heavily wounded.
You hit the orc knight.
The orc knight looks as sick as possible!
The orc knight hits you with a halberd!
* * * LOW HITPOINT WARNING * * *
The orc knight hits you but does no damage.
Casting: Vampiric Draining
Confirm with . or Enter, or press ? or * to list all spells.
Aiming: Vampiric Draining
Press: ? - help, Shift-Dir - straight line, f/p - orc knight
Aim: an orc knight, wielding a halberd and wearing a chain mail (heavily wounded, poisoned)
The orc knight is severely wounded.
You feel life coursing into your body. The orc knight hits you with a halberd!
* * * LOW HITPOINT WARNING * * *
The orc knight hits you with a halberd!
You die...
Kikubaaqudgha rasps: "You have failed me!
Welcome... death!"

############ ####### ####
#..........###.....#########...
............'.......#.....#....
............'o@.)..)'.....'.)..
∩.?.........'o..)...).)...'.)..
..???.......'...)..)'.....'.)..
............'..).)..#.....#....
#..........###.....#########...
############ ####### ####


You could see 2 orc knights.

Vanquished Creatures
  A fire dragon (D:9)
  Pikel (D:8)
  An orc knight (Bailey)
  2 trolls (D:9)
  Prince Ribbit (D:6)
  The ghost of Scattercatt the Firebug, an amateur GrFE of the Shining One (D:4)
  2 wyverns
  4 yaks
  Grum (D:8)
  2 hippogriffs (D:8)
  Edmund (D:6)
  A slave (D:8)
  11 orc warriors
  Duvessa (D:6)
  4 sky beasts
  2 black bears
  2 ice beasts
  A necrophage (D:5)
  5 ogres
  3 phantoms
  4 wolves (D:8)
  A centaur (D:5)
  A crocodile (D:8)
  2 giant frogs (D:6)
  Dowan (D:6)
  5 scorpions
  9 killer bees (D:9)
  3 wights (D:5)
  7 howler monkeys
  3 crimson imps
  4 jellies (D:9)
  A quasit (D:9)
  A centaur skeleton (D:8)
  3 orc priests
  3 hounds
  12 orc wizards
  2 giant frog skeletons (D:9)
  3 iguanas
  8 worker ants
  Natasha (thrice) (D:3)
  A howler monkey zombie (D:6)
  4 gnolls
  A howler monkey skeleton (D:6)
  6 adders
  A shadow imp (D:9)
  4 oozes
  3 adder skeletons
  A worm (D:2)
  3 dart slugs
  6 giant geckos
  50 orcs
  5 giant cockroaches
  10 goblins
  4 hobgoblins
  5 jackals
  7 kobolds
  6 quokkas
  3 ball pythons
  9 bats
  A giant gecko skeleton (D:6)
  6 giant newts
  5 rats
264 creatures vanquished.

Vanquished Creatures (collateral kills)
  An elephant (D:8)
  A phantom (D:9)
  A centaur (D:5)
  A jelly (D:8)
  A howler monkey (D:8)
  A quasit (D:9)
  A giant frog zombie (D:6)
  2 orc wizards
  An iguana (D:8)
  A worker ant (D:8)
  A sheep (D:8)
  A worker ant zombie (D:6)
  3 oozes (D:9)
  A dart slug (D:2)
  5 orcs
  A jackal (D:3)
  2 bats
25 creatures vanquished.

Vanquished Creatures (others)
  A troll (D:8)
  An orc (D:8)
2 creatures vanquished.

Grand Total: 291 creatures vanquished

Notes
Turn   | Place    | Note
-------+----------+-------------------------------------------
     0 | D:1      | AlphabetPasta the Hill Orc Necromancer began the quest for the Orb.
     0 | D:1      | Reached XP level 1. HP: 14/14 MP: 3/3
   182 | D:1      | Reached XP level 2. HP: 14/20 MP: 0/4
   188 | D:1      | Learned a level 1 spell: Animate Skeleton
   904 | D:2      | Reached XP level 3. HP: 22/27 MP: 0/5
   909 | D:2      | Learned a level 3 spell: Vampiric Draining
   960 | D:2      | Reached skill level 1 in Fighting
  1974 | D:3      | Reached XP level 4. HP: 33/35 MP: 3/7
  2320 | D:3      | Found a bloodstained altar of Trog.
  2320 | D:3      | Found a sacrificial altar of Ru.
  2366 | D:3      | Reached skill level 5 in Necromancy
  2382 | D:3      | Reached XP level 5. HP: 17/41 MP: 0/8
  2503 | D:3      | Noticed Natasha
  2511 | D:3      | Killed Natasha
  2810 | D:3      | Learned a level 3 spell: Regeneration
  2975 | D:3      | Noticed Natasha
  2983 | D:3      | Killed Natasha
  3438 | D:3      | Reached skill level 1 in Axes
  3438 | D:3      | Reached XP level 6. HP: 36/50 MP: 4/9
  3455 | D:3      | Noticed Natasha
  3540 | D:3      | Killed Natasha
  3722 | D:4      | Found Ratad's Antique Weapon Boutique.
  3735 | D:4      | Noticed Scattercatt's ghost (amateur GrFE)
  3746 | D:3      | Reached skill level 6 in Necromancy
  4163 | D:4      | Found Josm's Food Boutique.
  4253 | D:5      | Entered Level 5 of the Dungeon
  4259 | D:5      | Gained mutation: Your spells are a little harder to cast, but a little more powerful. [potion of beneficial mutation]
  4265 | D:5      | Learned a level 3 spell: Regeneration
  4290 | D:5      | Reached XP level 7. HP: 49/56 MP: 3/11
  4312 | D:5      | Found Viplushy's Food Shoppe.
  4332 | D:5      | HP: 1/56 [centaur (9)]
  4687 | D:5      | Reached skill level 7 in Necromancy
  5170 | D:4      | Found Izoskuawu's Assorted Antiques.
  5310 | D:4      | Bought a scroll labeled ASULAR SEPET for 24 gold pieces
  5310 | D:4      | Bought an embroidered robe for 16 gold pieces
  5310 | D:4      | Bought a glowing purple potion for 21 gold pieces
  5310 | D:4      | Bought a scroll labeled YHAISO VECUAQ for 24 gold pieces
  5431 | D:4      | Reached XP level 8. HP: 11/62 MP: 8/13
  5731 | D:4      | Found Houji's General Store.
  6133 | D:4      | Bought a scroll of identify for 26 gold pieces
  6133 | D:4      | Bought a potion of brilliance for 52 gold pieces
  6154 | D:4      | Found Ussioshro's Weapon Emporium.
  6178 | D:4      | Found a sparkling altar of Nemelex Xobeh.
  6331 | D:4      | Reached skill level 5 in Axes
  6331 | D:4      | Reached skill level 8 in Necromancy
  6975 | D:5      | Learned a level 4 spell: Control Undead
  7001 | D:6      | Noticed Edmund
  7012 | D:6      | Killed Edmund
  7145 | D:6      | Reached skill level 1 in Armour
  7172 | D:6      | Noticed Prince Ribbit
  7179 | D:6      | Killed Prince Ribbit
  7179 | D:6      | Reached XP level 9. HP: 48/68 MP: 2/15
  7287 | D:6      | Reached skill level 9 in Necromancy
  7366 | D:6      | Noticed Duvessa
  7373 | D:6      | Noticed Dowan
  7375 | D:6      | Killed Duvessa
  7680 | D:6      | Found a blossoming altar of Fedhas.
  7703 | D:6      | Killed Dowan
  7848 | D:6      | Found a hazy altar of Hepliaklqana.
  7849 | D:6      | Found a shimmering altar of Xom.
  7851 | D:6      | Noticed a spectral ugly thing
  7926 | D:6      | Upgraded the game from 0.19-a0-1104-gecadb88 to 0.19-a0-1105-g259b4db
  8063 | D:7      | Found a staircase to the Ecumenical Temple.
  8072 | Temple   | Entered the Ecumenical Temple
  8094 | Temple   | Became a worshipper of Kikubaaqudgha
  8489 | D:7      | Found an opulent altar of Gozag.
  8655 | D:7      | Found a sparkling altar of Nemelex Xobeh.
  8811 | D:7      | Found an iron altar of Okawaru.
  9209 | D:7      | Reached skill level 5 in Spellcasting
  9209 | D:7      | Reached skill level 10 in Necromancy
  9356 | D:5      | Got a faintly glowing chain mail
  9367 | D:5      | Identified the cursed +1 chain mail of the Quahog {Str+8 Stlth-} (You found it on level 5 of the Dungeon)
  9608 | D:5      | Reached XP level 10. HP: 43/74 MP: 17/17
  9781 | D:4      | Killed Scattercatt's ghost
 10271 | D:8      | Found a snail-covered altar of Cheibriados.
 10294 | D:8      | Found a shadowy altar of Dithmenos.
 10319 | D:8      | Got a bloodstained chain mail
 10330 | D:8      | Identified the cursed +0 chain mail of the Prince {Str+7 Stlth+} (You found it on level 8 of the Dungeon)
 10399 | D:8      | Noticed Grum
 10413 | D:8      | Killed Grum
 10475 | D:8      | Reached * piety under Kikubaaqudgha
 10475 | D:8      | Received a gift from Kikubaaqudgha
 10485 | D:8      | Identified Kikubaaqudgha's Incunabulum of Evil (Kikubaaqudgha gifted it to you on level 8 of the Dungeon)
 10490 | D:8      | Learned a level 2 spell: Sublimation of Blood
 10495 | D:8      | Noticed Pikel
 10512 | D:8      | Killed Pikel
 10512 | D:8      | Reached skill level 5 in Armour
 10624 | D:8      | Found a staircase to the Lair.
 10654 | D:8      | Noticed an elephant
 10672 | D:8      | Killed an elephant
 10672 | D:8      | Reached skill level 11 in Necromancy
 10710 | D:8      | Found an oddly glowing altar of Pakellas.
 10719 | D:8      | Noticed a white very ugly thing
 11048 | D:9      | Reached ** piety under Kikubaaqudgha
 11110 | D:9      | Reached XP level 11. HP: 29/81 MP: 18/20
 11379 | D:9      | Noticed a fire dragon
 11395 | D:9      | Killed a fire dragon
 11500 | D:9      | Got a warped plate armour
 11512 | D:9      | Got a dazzling bardiche
 11526 | D:9      | Identified the +15 plate armour "Ruasuonuust" {+Fly MP+9} (You found it on level 9 of the Dungeon)
 11539 | D:9      | Identified the +1 bardiche of Precise Incision {holy, rPois} (You found it on level 9 of the Dungeon)
 12072 | D:9      | Reached skill level 10 in Axes
 12236 | D:10     | Entered Level 10 of the Dungeon
 12245 | D:10     | Noticed AlphabetPasta's ghost (journeyman SpEn)
 12287 | D:10     | Found a flagged portal.
 12297 | Bailey   | Entered a bailey
 12500 | Bailey   | Reached skill level 12 in Necromancy
 12521 | Bailey   | Reached *** piety under Kikubaaqudgha
 12521 | Bailey   | Received a gift from Kikubaaqudgha
 12528 | Bailey   | Identified Kikubaaqudgha's Incunabulum of Evil (Kikubaaqudgha gifted it to you in a bailey)
 12824 | Bailey   | Noticed an orc knight
 12879 | Bailey   | Killed an orc knight
 13084 | Bailey   | Noticed an orc knight
 13084 | Bailey   | Noticed an orc knight
 13103 | Bailey   | Slain by an orc knight

Vault maps used:
D:1:      lemuel_arrival_hallway, serial_forest, infiniplex_forest_straight_2,
          infiniplex_forest_straight_4, infiniplex_forest_clump_medium,
          infiniplex_forest_lined_4_way, infiniplex_forest_end_2,
          infiniplex_forest_lined_ring, infiniplex_forest_clump_large
D:2:      first_bread
D:3:      amethyst_overflow_temple_binary, uniq_natasha
D:4:      serial_shops, kennysheep_mini_moat, shop, shop, shop,
          nicolae_shop_waterfront, nemelex_dance_club_becter
D:5:      serial_shops, shop
D:6:      fedhas_altar_1, regret_index_temple_of_mockery, uniq_duvessa,
          uniq_prince_ribbit1, uniq_edmund
D:7:      kennysheep_little_box, nicolae_gozag_seed_capital,
          kennysheep_okawaru_gauntlet
D:8:      lemuel_crystal_altar, gammafunk_pakellas_its_alive,
          nicolae_dithmenos_through_a_glass_darkly, david_lair_generic,
          uniq_grum, uniq_pikel
D:9:      dragon1_lemuel, hangedman_little_slice_of_home
D:10:     serial_shops, nicolae_shop_behind_doors, enter_bailey_2, minivault_16,
          eino_tiny_chamber, minmay_strange_pillars
Temple:   minmay_temple_forest_path
Bailey:   bailey_polearm_5, bailey

Skill      XL: |  1  2  3  4  5  6  7  8  9 10 11 |
---------------+----------------------------------+-----
Fighting       | 1 2 |  2.6
Spellcasting   | 2 3 4 5 6 |  6.4
Necromancy     | 5 6 7 8 10 11 12 | 12.1
Axes           | 1 2 4 6 7 9 10 | 10.2
Armour         | 1 4 6 7 |  7.1
Dodging        | |  1.9
Stealth        | |  1.5

Action                   |  1- 3 |  4- 6 |  7- 9 | 10-12 || total
-------------------------+-------+-------+-------+-------++-------
Melee: Unarmed           |    35 |    52 |       |       ||    87
       Hand axe          |       |    31 |   367 |   390 ||   788
 Cast: Pain              |    66 |    69 |    74 |    36 ||   245
       Animate Skeleton  |     6 |     2 |    13 |    33 ||    54
       Vampiric Draining |       |       |    12 |    24 ||    36
       Regeneration      |       |       |     1 |       ||     1
Invok: Receive Corpses   |       |       |       |     2 ||     2
Evoke: Wand              |       |       |     4 |    16 ||    20
  Use: Potion            |       |     3 |     2 |     5 ||    10
       Scroll            |       |    10 |     9 |     7 ||    26
 Stab: Sleeping          |       |     2 |     2 |       ||     4
       Distracted        |       |       |     2 |     1 ||     3
  Eat: Chunk             |     5 |     6 |    11 |     9 ||    31
       Fruit             |       |     2 |     5 |       ||     7
       Pizza             |       |       |     1 |       ||     1
       Beef jerky        |       |       |     1 |       ||     1
       Bread ration      |       |       |       |     1 ||     1
Armor: Robe              |     7 |    25 |    72 |     8 ||   112
       Chain mail        |       |       |       |   224 ||   224
Dodge: Dodged            |    33 |    82 |   194 |   226 ||   535
